[Event "Women"]
[Site "Tallinn, EE"]
[Date "2024.12.19"]
[Round "3.4"]
[White "Brokko, Margit"]
[Black "Tsiganova, Monika"]
[Result "0-1"]
[Board "2"]
[TimeControl "900+3"]
[WhiteFideId "4501098"]
[BlackFideId "4500199"]
[WhiteTitle "WFM"]
[BlackTitle "WIM"]
[WhiteElo "1960"]
[BlackElo "1925"]
[WhiteTeam "EST"]
[BlackTeam "EST"]
[WhiteClock "0:01:36"]
[BlackClock "0:09:24"]
[Variant "Standard"]

1. e4  c5 2. Nc3  a6 3. g3  b5 4. Bg2  Bb7 5. d3  e6 6. Nh3  Nf6 7. O-O  Be7 8. Re1  d6 9. Nf4  Qc7 10. d4  cxd4 11. Nce2  e5 12. Nd5  Nxd5 13. exd5  O-O 14. f4  f5 15. Kh1  Nd7 16. fxe5  dxe5 17. Nxd4  Bb4 18. Ne6  Qd6 19. c3  Ba5 20. Nxf8  Rxf8 21. a4  Bb6 22. axb5  axb5 23. Qb3  f4 24. gxf4  exf4 25. Re6  Qc5 26. Qd1  f3 27. Be3  fxg2+ 28. Kxg2  Qxd5+ 0-1